 Dungeon Crawl Stone Soup version 0.16.1-16-gc44b35d (webtiles) character file.

197 jacksonaction the Caller (level 5, -2/28 HPs)
             Began as a Deep Elf Summoner on Apr 17, 2015.
             Shot with an arrow by a centaur (12 damage)
             ... on level 4 of the Dungeon.
             The game lasted 00:23:51 (3727 turns).

jacksonaction the Caller (Deep Elf Summoner)        Turns: 3727, Time: 00:23:52

Health: -2/28      AC:  2    Str:  5    XL:     5   Next: 46%
Magic:  13/16      EV: 13    Int: 21    God:
Gold:   150        SH:  0    Dex: 15    Spells: 3 memorised, 4 levels left

rFire  . . .     SeeInvis .     y - +0 blowgun
rCold  . . .     Clarity  .     a - +0 robe
rNeg   . . .     SustAb   .     (no shield)
rPois  .         Gourm    .     (no helmet)
rElec  .         Spirit   .     (no cloak)
rCorr  .         Warding  .     (no gloves)
rMut   .         Stasis   .     (no boots)
MR     .....                    (no amulet)
Stlth  ++........               (no ring)
                                (no ring)

@: not resistant to hostile enchantments, unstealthy
A: no striking features
a: no special abilities


You were on level 4 of the Dungeon.
You were not hungry.

You visited 1 branch of the dungeon, and saw 4 of its levels.

You collected 150 gold pieces.

Inventory:

Hand weapons
 y - a +0 blowgun (weapon)
 z - a +0 short sword
Missiles
 i - 22 poisoned needles (quivered)
 u - 5 tomahawks
 x - 6 javelins
Armour
 a - a +0 robe (worn)
Jewellery
 A - an uncursed amulet of regeneration {unknown}
Magical devices
 j - a wand of confusion (15)
 q - a wand of draining (4)
Scrolls
 e - a scroll of fear {unknown}
 f - 4 scrolls of remove curse {unknown}
 k - 2 scrolls of enchant armour {unknown}
 l - a scroll of noise {unknown}
 m - a scroll of random uselessness {unknown}
 o - 2 scrolls of magic mapping {unknown}
 p - a scroll of recharging {unknown}
 r - 3 scrolls of identify {unknown}
 s - a scroll of enchant weapon {unknown}
 B - a scroll of fog {unknown}
Potions
 d - a potion of haste {unknown}
 g - a potion of might {unknown}
 h - 2 potions of curing {unknown}
 n - a potion of heal wounds {unknown}
 t - a potion of cure mutation {unknown}
Books
 b - a book of Callings

   Spells                             Type                      Level
   a - Summon Small Mammal            Summoning                    1
   b - Call Imp                       Summoning                    2
   c - Call Canine Familiar           Summoning                    3
   d - Summon Guardian Golem          Hexes/Summoning              4
   e - Summon Lightning Spire         Summoning/Air                4
   f - Summon Ice Beast               Ice/Summoning                4
Comestibles
 c - 2 bread rations
 v - 2 meat rations
 w - a beef jerky


   Skills:
 - Level 2.4 Dodging
 - Level 2.4 Stealth
 - Level 3.0 Spellcasting
 + Level 7.4 Summonings


You had 4 spell levels left.
You knew the following spells:

 Your Spells              Type           Power        Failure   Level  Hunger
a - Summon Small Mammal   Summ           ####         1%          1    None
b - Call Imp              Summ           ####....     1%          2    ##.....
c - Call Canine Familiar  Summ           ####....     1%          3    ###....


Dungeon Overview and Level Annotations

Branches:
Dungeon (4/15)
 Temple: D:4-7

Altars:


Message History

Your crimson imp blinks!
You swap places.
You swap places.
You are feeling hungry.
Eat a chunk of flesh? (ye/n/q/i?) This raw flesh tastes terrible.
You continue eating. x2
You swap places.
Your crimson imp disappears in a puff of smoke!
A centaur comes into view.
The centaur shouts!
The centaur wields a shortbow.
The centaur shoots an arrow.
The arrow hits you.
You see here an arrow.
Casting: Call Canine Familiar
Confirm with . or Enter, or press ? or * to list all spells.
Your hound disappears in a puff of smoke!
The centaur shoots an arrow.
The arrow hits you!
Ouch! That really hurt!
The centaur shoots an arrow.
The arrow hits you!
You die...

##.# #.# #.## #..# #..#
##.###### #.5.h..###
##..ยง.....## #
#....@.....## #..
##...........###..
#............#..# ##
######..............#
.#####..5...............##
.........##..............##
.........####.........#...##
........## ###...#######..##
........# ##..c## ##..##


You could see a centaur, a friendly hound and a friendly crimson imp.

Vanquished Creatures
  An adder (D:4)
  A bat (D:4)
  A giant cockroach (D:4)
  2 hobgoblins (D:4)
  A rat (D:4)
6 creatures vanquished.

Vanquished Creatures (collateral kills)
  The ghost of EvilTwin the Ruffian, an average MiMo (D:4)
  An orc priest (D:3)
  Ijyb (D:3)
  Jessica (D:3)
  3 gnolls (D:2)
  2 adders (D:2)
  A giant mite (D:2)
  A worm (D:3)
  A giant gecko (D:1)
  2 oozes (D:1)
  6 orcs (D:3)
  4 giant cockroaches
  5 goblins
  8 hobgoblins
  3 jackals (D:2)
  A quokka (D:2)
  A ball python (D:2)
  8 bats
  5 giant newts
  11 kobolds
  6 rats
72 creatures vanquished.

Vanquished Creatures (others)
  A hound (D:3)
  A crimson imp (D:3)
  2 bats (D:1)
  8 quokkas (D:1)
  4 rats (D:1)
16 creatures vanquished.

Grand Total: 94 creatures vanquished

Notes
Turn   | Place    | Note
--------------------------------------------------------------
     0 | D:1      | jacksonaction, the Deep Elf Summoner, began the quest for the Orb.
     0 | D:1      | Reached XP level 1. HP: 10/10 MP: 5/5
   684 | D:1      | Reached XP level 2. HP: 10/15 MP: 1/8
   688 | D:1      | Learned a level 2 spell: Call Imp
   913 | D:1      | Reached skill level 5 in Summonings
  1334 | D:2      | Reached XP level 3. HP: 10/19 MP: 8/10
  1339 | D:2      | Learned a level 3 spell: Call Canine Familiar
  1788 | D:2      | Reached skill level 6 in Summonings
  2577 | D:3      | Noticed Jessica
  2581 | D:3      | Reached XP level 4. HP: 24/24 MP: 6/13
  2597 | D:3      | Killed Jessica
  2977 | D:3      | Noticed Ijyb
  3019 | D:3      | Killed Ijyb
  3201 | D:4      | Noticed EvilTwin's ghost (average MiMo)
  3566 | D:4      | Killed EvilTwin's ghost
  3566 | D:4      | Reached skill level 7 in Summonings
  3566 | D:4      | Reached XP level 5. HP: 26/28 MP: 6/16
  3726 | D:4      | Noticed a centaur
  3727 | D:4      | Shot with an arrow by a centaur

Action                   |  1- 3 |  4- 6 || total
-------------------------+-------+-------++-------
Melee: Unarmed           |     3 |     2 ||     5
 Fire: Blowgun           |       |    13 ||    13
 Cast: Summon Small Mamm |    32 |       ||    32
       Call Imp          |    33 |    13 ||    46
       Call Canine Famil |     8 |     9 ||    17
 Stab: Sleeping          |       |     2 ||     2
  Eat: Chunk             |     7 |     5 ||    12
